cohdb
Replays
Latest Replays
All Replays
Popular Replays
Top Player Replays
Match Explorer
How It Works
Community
CoH3 Stats
Reddit
Sign in to upload your games and track your stats! →
Sign in with Steam
Match 44731531
Unlisted
Match 44731531
Overview
Messages
Build Orders
End
Royal Engineer Section
Construct Section Command Post
Dingo Light Scout Car
Infantry Section
Selects Canadian Shock Battlegroup
Infantry Section
Selects Incendiary Munitions
Construct Platoon Command Post
Selects Attacking Spirit
Selects Canadian Shock Section
Infantry Section
Construct Field Infirmary
6-pounder Anti-tank Gun Team
Selects Pyrotechnics
Humber Armored Car
Grenade Package
Infantry Training
Azakura
咚咚锵个腿
0
0
Comments
sign in to comment!
No comments posted yet!